jt, chaotic female sylph Wizard ------------- |{..........| ##..%.........| --------- # |.[.........| |.......| ### -|----------- |.......| # # |.......| ##% -----.--- # ## # # ### # # # # ## ################# # ### -.- --------%--.---## # # | |..........}}}|# ) ### | |# |...%%...D}}}}|# # ## # | |# |...D...}}}}.D|# ----.--# ------- ####..>@..d.}}....|# |...<..# ### |...d.........%# |...(.| # --------------- |.....-######################## ------- jt the Magician Experience level: 12 Strength: 16 Dexterity: 15 Constitution: 16 Intelligence: 20 Wisdom: 19 Charisma: 11 Health: 0(98) Energy: 173(177) Def: 13 Gold: 995 Moves: 18135 Dungeon seed: N2GtRXcGFBMSdD5A Game ID: jt_1529178001 Your Inventory: Coins $ - 995 gold pieces Amulets M - an uncursed amulet of reflection (being worn) Weapons a - a blessed +10 quarterstaff named Aggressive Negotiation (weapon in hands) f - 10 blessed +3 darts (in quiver) i - a blessed +0 dagger J - a blessed +6 orcish dagger named Dagger of Sorrow W - 2 uncursed +0 daggers Armor e - a blessed +3 cloak of magic resistance (being worn) N - a blessed +3 T-shirt (being worn) P - a blessed +3 cornuthaum (being worn) Comestibles g - an uncursed egg w - an uncursed tin of yeti meat Z - an uncursed lizard corpse Scrolls v - an uncursed scroll of fire H - an uncursed scroll of teleportation K - an uncursed scroll of scare monster Potions L - an uncursed potion of healing Rings x - a blessed +1 ring of gain strength (on right hand) B - an uncursed ring of warning F - a cursed ring of teleportation I - a cursed ring of polymorph T - an uncursed +3 ring of increase accuracy Wands d - an uncursed wand of polymorph (0:7) k - an uncursed wand of opening (0:4) A - an uncursed wand of digging (0:6) D - a blessed wand of slow monster (0:3) E - an uncursed wand of striking (0:0) R - an uncursed wand of teleportation (0:4) S - an uncursed wand of striking (0:3) Y - an uncursed wand of polymorph (0:7) Tools j - a blessed bag of holding l - an uncursed magic whistle m - an uncursed tooled horn p - an uncursed towel t - an uncursed magic lamp (lit) u - an uncursed -1 unicorn horn G - an uncursed fire horn (0:3) Q - an uncursed +0 unicorn horn Gems c - an uncursed garnet n - 2 uncursed diamonds o - an uncursed topaz q - a blessed touchstone s - 2 uncursed amethysts y - 3 uncursed emeralds z - 2 uncursed rubies C - an uncursed luckstone Contents of the bag of holding: an uncursed amulet of restful sleep a blessed [+1] dagger 12 uncursed [+0] daggers 4 blessed [+1] darts 5 uncursed [+0] darts a blessed [+2] elven dagger an uncursed [+0] elven dagger a blessed [+2] orcish dagger named +2 an uncursed +0 dwarvish mithril-coat an uncursed +3 pair of leather gloves an uncursed +0 pair of speed boots 2 uncursed carrots an uncursed clove of garlic 6 uncursed food rations 4 uncursed fortune cookies an uncursed lizard corpse an uncursed orange an uncursed tin [of gnome king meat] an uncursed tin of gnome meat 3 uncursed tripe rations an uncursed scroll of blank paper 3 uncursed scrolls of confuse monster an uncursed scroll of consecration 2 uncursed scrolls of destroy armor an uncursed scroll of earth a cursed scroll of earth an uncursed scroll of fire a blessed scroll of identify 5 uncursed scrolls of light 2 uncursed scrolls of magic mapping 3 uncursed scrolls of scare monster a cursed scroll of taming 5 uncursed scrolls of teleportation 3 uncursed scrolls of water an uncursed spellbook of dig a blessed spellbook of force bolt an uncursed spellbook of healing an uncursed spellbook of levitation an uncursed spellbook of magic missile an uncursed spellbook of stone to flesh an uncursed potion of extra healing a cursed potion of fruit juice 2 uncursed potions of healing 2 potions of holy water an uncursed potion of levitation 2 uncursed potions of object detection 3 uncursed potions of paralysis an uncursed potion of restore ability an uncursed potion of sickness a potion of unholy water an uncursed -2 ring of adornment an uncursed ring of aggravate monster a cursed ring of aggravate monster an uncursed ring of invisibility an uncursed wand of nothing (0:6) an uncursed mirror an uncursed tin opener 2 uncursed wax candles [0:400] Spells and supernatural/magical abilities: Name Level Category Fail Memory a - force bolt 1 attack 0% 10% d - dig 2 matter 0% 10% h - healing 1 healing 0% 95% m - magic missile 2 attack 0% 55% L - levitation 4 escape 0% 95% S - stone to flesh 3 healing 0% 95% W - pray for help -- divine ? -- Your skills at the end: Miscellaneous Skills wands [Basic] Weapon Skills dagger [Basic] quarterstaff [Basic] Spellcasting Skills attack spells [Expert] enchantment spells [Basic] Final Attributes: You were stridently aligned. You were cold resistant. You were shock resistant. You were poison resistant. You were magic-protected. Your writing hand was ok. You saw invisible. You were clairvoyant. You had infravision. You were displaced. You were very stealthy. You aggravated monsters. You were protected. You were protected from shape changers. You had reflection. You were extremely lucky. You had extra luck. Bad luck did not time out for you. Good luck did not time out for you. You are dead. Vanquished creatures: 3 young orange dragons 3 black puddings a vampire 11 ghosts 3 giant mimics a flesh golem a baby purple worm a long worm a stalker a fire elemental 2 water elementals 2 hill giants a xorn 7 giant zombies 5 wargs a small mimic a xan 2 trolls a sasquatch 2 wood golems a flaming sphere a dwarf king a tengu a gelatinous cube a leocrotta 3 giants a human mummy a Grey-elf a pit viper 10 wraiths an ettin zombie a leather golem a succubus 2 incubi 3 giant beetles a cockatrice 2 wolves a panther 3 quivering blobs 4 lizards a mountain nymph 3 giant spiders a scorpion a horse 13 vampire bats 3 gnome kings a brown pudding an owlbear a yeti a gold golem a werewolf 5 piranhas a giant eel a dog 3 dingos 2 housecats 2 dwarf lords a blue jelly 2 white unicorns a dust vortex 3 ravens a gnome mummy 3 Woodland-elves a snake an ape 6 human zombies 2 soldier ants a fire ant 2 yellow lights a bugbear an imp 4 wood nymphs a rock mole a rock piercer 2 fog clouds a shrieker a violet fungus 21 gnome lords 6 gnomish wizards a kobold mummy a guardian naga hatchling a gray ooze 3 ghouls 3 straw golems 4 giant ants 5 puppies 4 floating eyes a kitten 24 dwarves 2 homunculi 2 kobold lords a kobold shaman 6 iguanas 7 hill orcs 5 rothes a rabid rat a centipede 3 jitterbugs 3 giant bats 9 monkeys 4 orc zombies 6 dwarf zombies 5 werejackals 24 killer bees 8 coyotes 12 hobbits 4 acid blobs 2 large kobolds 11 geckos 13 giant rats 6 cave spiders 2 brown molds 7 yellow molds 4 green molds 3 red molds 71 gnomes 12 garter snakes 20 manes 4 gnome zombies 12 jackals 4 foxes 3 kobolds 11 newts 4 goblins 5 sewer rats 5 grid bugs 4 bats 6 lichens 9 kobold zombies 562 creatures vanquished. Voluntary challenges: You did not cause conflict. You were not invisible. You had been an atheist until turn 8832. You used a wielded weapon 473 times, starting on turn 36. You did not use sinks. You read items or engraved 28 times, starting on turn 5409. You never genocided any monsters. You polymorphed 1 item, starting on turn 4274. You never changed form. You cheated 1 time but completed Sokoban on turn 7068. You used no wishes. You never split a pudding. You wrote Elbereth's name 3 times, starting on turn 5409. You violated your moral code, losing 29 points of alignment, starting on turn 1095. Dungeon overview: The Dungeons of Doom: levels 1 to 16 Level 1 (vault) some fountains a long staircase Level 2 a general store Level 3 (vault) an armor shop stairs to The Gnomish Mines Level 4 (vault) Level 5 Level 6 many fountains Level 7 a fountain stairs to Sokoban Level 8 a fountain, a sink Level 9 an altar to Anhur Level 10 Level 11 an altar to Anhur, a fountain Level 12 some sinks portal to The Quest Level 13 a fountain Level 14 a temple to Anhur, some fountains Level 15 Level 16 <- You were here a fountain The Gnomish Mines: levels 4 to 12 Level 4 stairs to The Dungeons of Doom Level 5 Level 6 Level 7 many shops, a temple to Thoth, a magic chest, some fountains, a sink Level 8 Level 9 Level 10 Level 11 Level 12 a magic chest, a fountain The Quest: Level 1 a throne portal to The Dungeons of Doom Sokoban: levels 3 to 6 Level 3 a magic chest Level 4 Level 5 Level 6 a magic chest stairs to The Dungeons of Doom History has recorded: On T:1 you entered the Dungeons of Doom to retrieve the Amulet of Yendor! On T:28 you reached level 2 of The Dungeons of Doom. On T:1077 you reached level 3 of The Dungeons of Doom. On T:1167 you advanced to experience level 2. On T:1472 you reached level 1 of The Gnomish Mines. On T:1559 you reached level 4 of The Dungeons of Doom. On T:1639 you reached level 5 of The Dungeons of Doom. On T:1662 you advanced to experience level 3. On T:2345 you advanced to experience level 4. On T:2523 you reached level 2 of The Gnomish Mines. On T:2975 you advanced to experience level 5. On T:3515 you reached level 6 of The Dungeons of Doom. On T:3574 you reached level 7 of The Dungeons of Doom. On T:3719 you advanced to experience level 6. On T:3865 you reached level 8 of The Dungeons of Doom. On T:4049 you reached level 4 of Sokoban. On T:4508 you reached level 3 of Sokoban. On T:4994 you advanced to experience level 7. On T:5414 you reached level 2 of Sokoban. On T:6111 you reached level 1 of Sokoban. On T:7068 you entered the Sokoban zoo. On T:8092 you reached level 3 of The Gnomish Mines. On T:8233 you reached level 4 of The Gnomish Mines. On T:8286 you reached level 5 of The Gnomish Mines. On T:8798 you opened a magic chest. On T:8820 you advanced to experience level 8. On T:8828 you entered the Minetown temple On T:9704 you reached level 6 of The Gnomish Mines. On T:9987 you reached level 7 of The Gnomish Mines. On T:10110 you reached level 8 of The Gnomish Mines. On T:10126 you reached level 9 of The Gnomish Mines. On T:10126 you reached the bottom of the Mines. On T:10402 you advanced to experience level 9. On T:13493 you reached level 9 of The Dungeons of Doom. On T:14137 you reached level 10 of The Dungeons of Doom. On T:14346 you reached level 11 of The Dungeons of Doom. On T:14724 you reached level 12 of The Dungeons of Doom. On T:15281 you reached level 13 of The Dungeons of Doom. On T:15318 you advanced to experience level 10. On T:15714 you reached level 1 of The Quest. On T:16537 you advanced to experience level 11. On T:16543 you advanced to experience level 12. On T:16894 you reached level 14 of The Dungeons of Doom. On T:17282 you reached level 15 of The Dungeons of Doom. On T:17282 you entered the Rogue tribute level. On T:17622 you reached level 16 of The Dungeons of Doom. Score breakdown: Gold: 995 ( 99 points) Experience: 12 levels ( 1100 points) Exploration: 16 levels ( 450 points) Discoveries: 73 items ( 2000 points) Variety of kills: 129 monsters ( 2000 points) Major goal: Sokoban/Mines ( 1500 points) Survival: died (score multiplied by 3) Total score: 21447 Latest messages: The ancient orange dragon breathes sleep gas! The blast of sleep gas hits you! But it reflects from your medallion! The blast of sleep gas hits the ancient orange dragon. The blast of sleep gas bounces! The ancient orange dragon breathes sleep gas! The blast of sleep gas whizzes by you! The magic missile hits the ancient orange dragon! The ancient orange dragon strikes at your displaced image and misses you! (3x) The magic missile hits the ancient orange dragon! You hit the ancient orange dragon! The ancient orange dragon bites! The ancient orange dragon claws you! (2x) The ancient orange dragon breathes sleep gas! The ancient orange dragon strikes at your displaced image and misses you! (3x) The ancient orange dragon bites! The ancient orange dragon claws you! (2x) You die... Final status: Goodbye jt the Wizard, killed by an ancient orange dragon... You died in The Dungeons of Doom on dungeon level 16 with 21447 points, and 995 pieces of gold, after 18135 moves. You were level 12 with a maximum of 98 hit points when you died.